 Dungeon Crawl Stone Soup version 0.25-a0-544-gee0576305d (webtiles) character file.

Game seed: 4151699313902067548, levelgen mode: deterministic

1 Esekla the Magician (level 1, -1/10 HPs)
             Began as a Deep Elf Wizard on Feb 20, 2020.
             Hit by a stone thrown by a kobold (3 damage)
             ... on level 1 of the Dungeon.
             The game lasted 00:01:23 (88 turns).

Esekla the Magician (Deep Elf Wizard)                 Turns: 88, Time: 00:01:23

Health: -1/10      AC:  2    Str:  4    XL:     1   Next: 16%
Magic:  0/8        EV: 13    Int: 22    God:
Gold:   0          SH:  0    Dex: 13    Spells: 8/9 levels left

rFire    . . .     SeeInvis .   (no weapon)
rCold    . . .     Gourm    .   (no shield)
rNeg     . . .     Faith    .   a - +0 robe
rPois    .         Spirit   .   b - +0 hat
rElec    .         Reflect  .   (no cloak)
rCorr    .         Harm     .   (no gloves)
MR       .....                  (no boots)
Stlth    ++........             (no amulet)
HPRegen  0.03/turn              (no ring)
MPRegen  0.11/turn              (no ring)

@: no status effects
A: no striking features
a: no special abilities


You were on level 1 of the Dungeon.
You were not hungry.

You visited 1 branch of the dungeon, and saw 1 of its levels.

Inventory:

Armour
 a - a +0 robe (worn)
 b - a +0 hat (worn)
Comestibles
 d - a ration


   Skills:
 + Level 2.4 Dodging
 - Level 2.4 Stealth
 * Level 4.5 Spellcasting
 * Level 1.1 Conjurations
   Level 1.1 Summonings
   Level 1.1 Translocations


You had 8 spell levels left.
You knew the following spells:

 Your Spells              Type           Power        Failure   Level  Hunger
a - Magic Dart            Conj           #...         7%          1    None

Your spell library contained the following spells:

 Spells                   Type           Power        Failure   Level  Hunger
 Blink                    Tloc           N/A          11%         2    #......
 Call Imp                 Summ           #.......     11%         2    #......
 Slow                     Hex            #.......     16%         2    #......
 Conjure Flame            Conj/Fire      #.......     26%         3    ##.....
 Mephitic Cloud           Conj/Pois/Air  #.......     26%         3    ##.....


Dungeon Overview and Level Annotations

Branches:
Dungeon (1/15)

Altars:


Message History

Aim: a kobold, quivering 3 stones (severely wounded)
The magic dart hits the giant cockroach.
You kill the giant cockroach!
The kobold throws a stone.
The stone barely misses you.
Your magical contamination has completely faded away.
You close the door, pushing everything out of the way.
You start resting.
The kobold is too close now for your liking.
Casting: Magic Dart (safe; 7% risk of failure)
Confirm with . or Enter, or press ? or * to list all spells.
Aiming: Magic Dart (safe; 7% risk of failure)
Press: ? - help, Shift-Dir - straight line, f/p - kobold
Aim: a kobold, quivering 2 stones (severely wounded)
The magic dart hits the kobold but does no damage.
The kobold is severely wounded.
The kobold hits you.
* * * LOW HITPOINT WARNING * * *
The kobold throws a stone.
The stone closely misses you.
The kobold throws a stone.
The stone hits you.
You die...

#.# #.# #.# #.# #.#
#####################K#
e#d#f#i#m#O#V#h#N#g##.#
#####################.#
............(...@.(K..#
#####################.#
K#Q#o#p#T#a#x#c#p#p#........l
############################b


You could see a demigod, a naga and a kobold.

Vanquished Creatures
  A giant cockroach (D:1)
1 creature vanquished.

Notes
Turn   | Place    | Note
-------+----------+-------------------------------------------
     0 | D:1      | Esekla the Deep Elf Wizard began the quest for the Orb.
     0 | D:1      | Reached XP level 1. HP: 10/10 MP: 7/7
     2 | D:1      | Noticed a ghoul
     2 | D:1      | Noticed a gargoyle
     4 | D:1      | Noticed a minotaur
     4 | D:1      | Noticed a demonspawn
     8 | D:1      | Noticed an elf
    10 | D:1      | Noticed a draconian
    10 | D:1      | Noticed a tengu
    12 | D:1      | Noticed a vine stalker
    14 | D:1      | Noticed a spriggan
    14 | D:1      | Noticed a halfling
    16 | D:1      | Noticed a merfolk
    16 | D:1      | Noticed a troll
    18 | D:1      | Noticed an ogre
    18 | D:1      | Noticed a formicid
    20 | D:1      | Noticed a vampire
    20 | D:1      | Noticed an octopode
    22 | D:1      | Noticed a felid
    22 | D:1      | Noticed a centaur
    24 | D:1      | Noticed a naga
    24 | D:1      | Noticed a demigod
    26 | D:1      | Noticed a dwarf
    26 | D:1      | Noticed a human
    88 | D:1      | Hit by a stone thrown by a kobold

Levels and vault maps discovered:
D:1:      kb_arrival_jail, layout_basic

Action                   || total
-------------------------++-------
Melee: Unarmed           ||     1
 Cast: Magic Dart        ||     8
Armor: Robe              ||     1
Dodge: Dodged            ||     7

Table legend:
 A = Non-vault XP
 B = Vault XP
 C = Vault XP percentage of total XP
 D = Non-vault monster count
 E = Vault monster count
 F = Vault count percentage of total count
                 A         B        C        D         E       F
            +---------+---------+-------+---------+---------+-------
      Total |       2 |       0 |   0.0 |       1 |       0 |   0.0
            +---------+---------+-------+---------+---------+-------
        D:1 |       2 |       0 |   0.0 |       1 |       0 |   0.0
            +---------+---------+-------+---------+---------+-------
